 Dungeon Crawl Stone Soup version 0.28.0-47-ge53b351184 (webtiles) character file.

Game seed: 8808442321214095692

14 L33tCrusader the Skirmisher (level 2, -4/27 HPs)
             Began as a Draconian Chaos Knight on Apr 25, 2022.
             Was a Plaything of Xom.
             Slain by a hobgoblin
             ... wielding a +0 hand axe
              (7 damage)
             ... on level 1 of the Dungeon.
             The game lasted 00:00:51 (274 turns).

L33tCrusader the Skirmisher (Draconian Chaos Knight) Turns: 274, Time: 00:00:55

Health: -4/27      AC:  4    Str: 14    XL:     2   Next: 27%
Magic:  2/2        EV: 12    Int: 12    God:    Xom [..*...]
Gold:   39         SH:  0    Dex: 10    Spells: 1/1 levels left

rFire   . . .      SeeInvis .   a - +0 mace (chaos)
rCold   . . .      Faith    .   (no shield)
rNeg    . . .      Spirit   .   (armour unavailable)
rPois   .          Reflect  .   (helmet restricted)
rElec   .          Harm     .   (no cloak)
rCorr   .          Rampage  .   (no gloves)
Will    .....                   (no boots)
Stlth   +.........              (no amulet)
HPRegen 0.09/turn               (no ring)
MPRegen 0.08/turn               (no ring)

@: brilliant, slowed, very slow
A: AC +4, unfitting armour, cold-blooded
a: Renounce Religion


You were on level 1 of the Dungeon.
You worshipped Xom.
You were a toy of Xom.
You visited 1 branch of the dungeon, and saw 1 of its levels.

You collected 39 gold pieces.

Inventory:

Hand Weapons
 a - a +0 mace of chaos (weapon)


   Skills:
 * Level 3.6 Fighting
 * Level 3.3 Maces & Flails
 + Level 2.3 Dodging


You had one spell level left.
You didn't know any spells.
Your spell library was empty.

Dungeon Overview and Level Annotations

Branches:
Dungeon (1/15)

Altars:


Innate Abilities, Weirdness & Mutations

Your plain brown scales are hard. (AC +4)
You cannot fit into any form of body armour.
You are cold-blooded and may be slowed by cold attacks.


Message History

You kill the goblin!
A kobold comes into view. It is wielding a +0 club.
The kobold shouts!
The hobgoblin closely misses you.
An endoplasm comes into view.
The kobold moves out of view.
You see here a +0 dagger.
The endoplasm quivers.
You hit the hobgoblin but do no damage. The hobgoblin barely misses you.
The endoplasm jiggles.
You hit the hobgoblin. You burn the hobgoblin.
The hobgoblin is moderately wounded.
The hobgoblin hits you with a +0 hand axe.
The hobgoblin barely misses you.
You hit the hobgoblin.
You feel better.
The hobgoblin is heavily wounded.
The hobgoblin barely misses you. The hobgoblin closely misses you.
You hit the kobold. You freeze the kobold.
You kill the kobold! "Go forth and destroy!"
You feel clever all of a sudden.
The hobgoblin hits you with a +0 hand axe.
You barely miss the hobgoblin.
The hobgoblin is heavily wounded.
The hobgoblin hits you with a +0 hand axe. x2
You hit the endoplasm but do no damage. The endoplasm closely misses you.
The hobgoblin hits you with a +0 hand axe.
The endoplasm barely misses you.
You hit the endoplasm but do no damage.
The hobgoblin hits you with a +0 hand axe.
The endoplasm freezes you.
You are frozen.
You feel yourself slow down.
You hit the endoplasm. You tail-slap the endoplasm.
You kill the endoplasm!
The hobgoblin hits you with a +0 hand axe!
* * * LOW HITPOINT WARNING * * *
A shower of butterflies erupts from you!
The hobgoblin hits you with a +0 hand axe!
You die...

#####.............
#..............###
#..............### .
#....####......... ..
#....# #.###..##. .#.
####....####.# #..##. ....
...b.b....##.###..#.. ....
####....#.##.........
...#..####@...#..#####.....
.......).gbb..............)
.##.........b.......#...##.
......###########.#.#......
###.## #.#.#..#### #
######...#..####
........##...... ....⌠.
........##.†.... .....⌠
........##......


You could see a hobgoblin (ally target).

Vanquished Creatures
  4 ball pythons (D:1)
  2 endoplasms (D:1)
  A goblin (D:1)
  2 hobgoblins (D:1)
  A bat (D:1)
  2 kobolds (D:1)
  A rat (D:1)
13 creatures vanquished.

Notes
Turn   | Place    | Note
-------+----------+-------------------------------------------
     0 | D:1      | L33tCrusader the Draconian Chaos Knight began the quest for
                  | the Orb.
     0 | D:1      | Reached XP level 1. HP: 19/19 MP: 1/1
   162 | D:1      | Reached XP level 2. HP: 26/26 MP: 2/2
   270 | D:1      | XOM: potion effect (brilliance)
   274 | D:1      | XOM: butterfly on damage
   274 | D:1      | Slain by a hobgoblin

Illustrated notes

Levels and vault maps discovered:
D:1:      wander_arrival_estate, layout_basic, minivault_26

Action                   || total
-------------------------++-------
Melee: Mace              ||    32
       Tailslap          ||     3
Armor: Skin              ||     8
Dodge: Dodged            ||    22
